 Dungeon Crawl Stone Soup version 0.19.0-20-gbc5f0c6 (webtiles) character file.

5316 shmeve the Cleaver (level 10, 0/139 HPs)
             Began as a Minotaur Berserker on Nov 13, 2016.
             Was a High Priest of Trog.
             Succumbed to a spiny frog's poison
             ... on level 1 of the Lair of Beasts on Nov 17, 2016.
             The game lasted 00:14:54 (5726 turns).

shmeve the Cleaver (Minotaur Berserker)             Turns: 5726, Time: 00:14:55

Health: 0/139      AC: 19    Str: 30    XL:     10   Next: 37%
Magic:  9/9        EV: 10    Int:  4    God:    Trog [*****.]
Gold:   377        SH:  0    Dex: 10    Spells: 0 memorised, 9 levels left

rFire  . . .     SeeInvis .     z - +0 war axe
rCold  . . .     Gourm    +     D - +0 plate armour
rNeg   . . .     Faith    .     (no shield)
rPois  +         Spirit   .     (helmet restricted)
rElec  .         Reflect  .     t - +0 cloak
rCorr  .         Harm     .     (no gloves)
MR     .....                    (no boots)
Stlth  ..........               B - amulet of the gourmand
                                r - +5 ring of protection
                                l - ring of poison resistance

@: berserking, lethally poisoned (0 -> -9), very quick
A: retaliatory headbutt, horns 2
a: Berserk, Trog's Hand, Brothers in Arms, Burn Spellbooks, Renounce Religion


You were on level 1 of the Lair of Beasts.
You worshipped Trog.
Trog was extremely pleased with you.
You were full.

You visited 3 branches of the dungeon, and saw 11 of its levels.

You collected 432 gold pieces.
You spent 55 gold pieces at shops.

Inventory:

Hand Weapons
 z - a +0 war axe (weapon)
Missiles
 o - 14 javelins (quivered)
Armour
 t - a +0 cloak (worn)
 D - a +0 plate armour (worn)
Jewellery
 k - an uncursed amulet of guardian spirit
 l - a ring of poison resistance (left hand)
 r - a +5 ring of protection (right hand)
 B - an amulet of the gourmand (around neck)
 N - a +3 ring of strength
Wands
 I - a wand of lightning (7/15)
 O - a wand of polymorph (16/24)
Scrolls
 a - a scroll of summoning {unknown}
 b - 5 scrolls of enchant armour {unknown}
 e - 8 scrolls of remove curse {unknown}
 h - 7 scrolls of identify {unknown}
 i - 3 scrolls of immolation {unknown}
 m - 4 scrolls of random uselessness {unknown}
 n - 2 scrolls of enchant weapon {unknown}
 q - a scroll of magic mapping {unknown}
 u - a scroll of fear {unknown}
 v - 3 scrolls of teleportation {unknown}
 x - a scroll of noise {unknown}
 y - 3 scrolls of amnesia {unknown}
 E - 2 scrolls of recharging {unknown}
 H - 2 scrolls of fog {unknown}
Potions
 d - 2 potions of cure mutation {unknown}
 f - a potion of flight {unknown}
 j - 4 potions of might
 p - a potion of brilliance {unknown}
 w - a potion of magic {unknown}
 A - a potion of heal wounds
 C - a potion of mutation {unknown}
 F - 5 potions of curing {unknown}
 G - a potion of invisibility {unknown}
 J - 4 potions of degeneration {unknown}
 K - a potion of ambrosia {unknown}
 L - 2 potions of haste {unknown}
Comestibles
 c - 5 bread rations
 g - 2 royal jellies
 s - 6 meat rations
 M - 2 fruits


   Skills:
 * Level 10.3 Fighting
 * Level 10.4 Axes
 + Level 5.7 Throwing
 + Level 7.7 Armour
 + Level 6.8 Dodging


You had 9 spell levels left.
You didn't know any spells.

Dungeon Overview and Level Annotations

Branches:
Dungeon (9/15)             Temple (1/1) D:6            Lair (1/6) D:9
    Orc: D:9-12

Altars:
Ashenzari
Dithmenos
Elyvilon
Gozag
Hepliaklqana
Makhleb
Okawaru
Qazlal
Trog
Uskayaw
Xom
Yredelemnul
Zin
The Shining One

Shops:
D:4 *!   D:8 :


Innate Abilities, Weirdness & Mutations

You reflexively headbutt those who attack you in melee.
You have a pair of horns on your head.


Message History

You kill the bullfrog!
Trog accepts your kill.
You slash the spiny frog! x2; You feel sick.
The spiny frog misses you. You furiously retaliate!
You headbutt the spiny frog! The spiny frog stings you!
* * * LOW HITPOINT WARNING * * *
You slice the spiny frog!!
You kill the spiny frog!
Trog accepts your kill.
You slash the spiny frog!
* * * LOW HITPOINT WARNING * * *
You feel sick. The spiny frog closely misses you.
* * * LOW HITPOINT WARNING * * *
You feel sick.
The spiny frog stings you but does no damage.
You slice the spiny frog!!
You feel the power of Trog in you as your rage grows.
You kill the spiny frog!
Trog accepts your kill.
You die...

#...# ##..../.........
##..# #..............
##..# #.#........... #
...#####.....P........#
#.####............# ..#
#..........[......##..##
P.............#.........
...#####...##..........#
.### ##..###P..@.)....#
. #....###.†...#...# .
#.....## #.......... #
....###..# #...≈≈≈≈..#
#.... #.## ##...≈≈≈≈..
#... ... ..≈≈≈≈≈≈≈. #...
...# P...≈≈≈≈≈≈. #.. ..#
.....≈≈≈≈≈≈ ..#
.....>.≈≈≈≈≈


There were no monsters in sight!

Vanquished Creatures
  Pikel (D:5)
  4 spiny frogs (Lair:1)
  A hippogriff (D:8)
  A steam dragon (D:9)
  Menkaure (D:5)
  A water moccasin (D:7)
  2 hell hounds (D:9)
  An orc warrior (D:4)
  An ice beast (D:8)
  A phantom (D:5)
  3 sky beasts
  An eye of draining (D:8)
  4 slaves (D:5)
  2 ogres
  6 wolves (Lair:1)
  A crocodile (Lair:1)
  4 bullfrogs
  A scorpion (D:7)
  4 wights (D:6)
  6 howler monkeys
  2 crimson imps
  2 bullfrog zombies
  A quasit (D:9)
  A centaur zombie (D:7)
  A bullfrog skeleton (D:5)
  2 jellies (D:6)
  4 orc priests
  2 hounds
  A centaur skeleton (D:6)
  3 iguanas
  4 worker ants
  A hound skeleton (D:6)
  Robin (D:2)
  3 worker ant zombies
  4 gnolls
  4 adders
  A shadow imp (D:7)
  2 oozes (D:1)
  A worm (D:4)
  A dart slug (D:1)
  2 leopard geckos
  17 orcs
  3 ball pythons
  A bat (D:1)
  11 giant cockroaches
  17 goblins
  16 hobgoblins
  2 jackals (D:8)
  6 kobolds
  4 quokkas
  2 frilled lizards
  A giant cockroach zombie (D:5)
  A leopard gecko zombie (D:5)
  7 rats
177 creatures vanquished.

Notes
Turn   | Place    | Note
-------+----------+-------------------------------------------
     0 | D:1      | shmeve the Minotaur Berserker began the quest for the Orb.
     0 | D:1      | Reached XP level 1. HP: 19/19 MP: 0/0
    61 | D:1      | Reached XP level 2. HP: 22/27 MP: 1/1
    95 | D:1      | Upgraded the game from 0.19.0-19-g8c6edcc to 0.19.0-20-gbc5f0c6
   173 | D:1      | Reached XP level 3. HP: 15/33 MP: 0/2
   215 | D:1      | Reached ** piety under Trog
   491 | D:2      | Noticed Robin
   507 | D:2      | HP: 1/49 [Robin/mace (5)]
   508 | D:2      | Reached XP level 4. HP: 2/40 MP: 0/3
   509 | D:2      | Killed Robin
  1109 | D:2      | Reached skill level 5 in Axes
  1402 | D:3      | Reached skill level 1 in Throwing
  1621 | D:3      | Found a stormy altar of Qazlal.
  1776 | D:4      | Found Tivuleok's Distillery.
  1797 | D:4      | Bought a potion of heal wounds for 55 gold pieces
  1872 | D:4      | Reached XP level 5. HP: 47/47 MP: 4/4
  2059 | D:4      | Noticed an orc warrior
  2070 | D:4      | Reached skill level 5 in Fighting
  2071 | D:4      | Killed an orc warrior
  2071 | D:4      | Reached XP level 6. HP: 10/56 MP: 1/5
  2312 | D:4      | Found Lykeg's Assorted Antiques.
  2326 | D:4      | Reached *** piety under Trog
  2524 | D:5      | Entered Level 5 of the Dungeon
  2681 | D:5      | Noticed a slave
  2683 | D:5      | Noticed a slave
  2683 | D:5      | Noticed a slave
  2684 | D:5      | Noticed Pikel
  2684 | D:5      | Noticed a slave
  2684 | D:5      | Found a bloodstained altar of Trog.
  2699 | D:5      | Killed a slave
  2700 | D:5      | Killed Pikel
  2700 | D:5      | Reached XP level 7. HP: 24/64 MP: 4/6
  2730 | D:5      | Reached XP level 8. HP: 16/71 MP: 4/7
  2983 | D:5      | Noticed Menkaure
  2987 | D:5      | Killed Menkaure
  3103 | D:5      | Found a shadowy altar of Dithmenos.
  3323 | D:5      | Found an opulent altar of Gozag.
  3366 | D:6      | Reached skill level 5 in Armour
  3385 | D:6      | Reached skill level 5 in Dodging
  3794 | D:6      | Found a staircase to the Ecumenical Temple.
  3804 | Temple   | Entered the Ecumenical Temple
  3950 | D:6      | Found a glowing silver altar of Zin.
  4030 | D:7      | Reached XP level 9. HP: 72/81 MP: 8/8
  4079 | D:7      | Reached **** piety under Trog
  4583 | D:8      | Found a hazy altar of Hepliaklqana.
  4746 | D:8      | Found a white marble altar of Elyvilon.
  4917 | D:8      | Found Peonibef's Book Shop.
  4973 | D:8      | Found a basalt altar of Yredelemnul.
  4973 | D:8      | Found a hide-covered altar of Uskayaw.
  4973 | D:8      | Found a shattered altar of Ashenzari.
  4977 | D:8      | Found a burning altar of Makhleb.
  4979 | D:8      | Found an iron altar of Okawaru.
  5174 | D:9      | Reached skill level 5 in Throwing
  5194 | D:9      | Found a staircase to the Lair.
  5387 | Lair:1   | Entered Level 1 of the Lair of Beasts
  5387 | Lair:1   | Noticed a spiny frog
  5395 | Lair:1   | Killed a spiny frog
  5395 | Lair:1   | Reached XP level 10. HP: 57/92 MP: 5/9
  5472 | Lair:1   | Noticed a spiny frog
  5483 | Lair:1   | Killed a spiny frog
  5483 | Lair:1   | Reached skill level 10 in Axes
  5650 | Lair:1   | Reached ***** piety under Trog
  5660 | Lair:1   | Reached skill level 10 in Fighting
  5713 | Lair:1   | Noticed a spiny frog
  5715 | Lair:1   | Noticed a spiny frog
  5723 | Lair:1   | HP: 2/139 [spiny frog (10)]
  5724 | Lair:1   | Killed a spiny frog
  5726 | Lair:1   | Killed a spiny frog
  5726 | Lair:1   | Succumbed to a spiny frog's poison

Skill      XL: |  1  2  3  4  5  6  7  8  9 10 |
---------------+-------------------------------+-----
Axes           | 4 5 7 8 9 10 | 10.4
Fighting       | 4 5 6 8 9 10 | 10.3
Armour         | 3 4 5 7 |  7.7
Throwing       | 1 3 4 5 |  5.7
Dodging        | 3 4 5 6 |  6.8

Action                   |  1- 3 |  4- 6 |  7- 9 | 10-12 || total
-------------------------+-------+-------+-------+-------++-------
Melee: Hand axe          |    59 |   120 |    57 |       ||   236
       Headbutt          |     8 |    26 |    49 |     5 ||    88
       War axe           |       |       |   193 |    40 ||   233
Throw: Javelin           |       |       |     6 |       ||     6
Invok: Berserk           |     1 |     2 |     4 |     1 ||     8
       Burn Spellbooks   |       |       |     1 |       ||     1
 Stab: Sleeping          |       |     1 |       |       ||     1
  Eat: Chunk             |       |     8 |     9 |    10 ||    27
       Pizza             |       |       |     1 |       ||     1
       Beef jerky        |       |       |     1 |       ||     1
Armor: Animal skin       |     9 |     1 |       |       ||    10
       Chain mail        |       |    27 |       |       ||    27
       Plate armour      |       |    27 |   197 |    39 ||   263
Dodge: Dodged            |    70 |    52 |   115 |    31 ||   268
